 Dungeon Crawl Stone Soup version 0.29.1-15-g9cfb28693d (webtiles) character file.

Game seed: 17178290651466751175

1386 protoss039 the Digger (level 8, -2/63 HPs)
             Began as a Demonspawn Earth Elementalist on Mar 28, 2023.
             Slain by an orc warrior
             ... wielding a +0 halberd
              (13 damage)
             ... on level 6 of the Dungeon.
             The game lasted 00:06:38 (6327 turns).

protoss039 the Digger (DsEE)                        Turns: 6327, Time: 00:06:39

Health: -2/63      AC:  8    Str:  9    XL:     8   Next: 40%
Magic:  10/16      EV: 19    Int: 19    God:
Gold:   313        SH:  0    Dex: 13    Spells: 11/17 levels left

rFire   . . .      SeeInvis .   g - +0 hand axe (elec)
rCold   . . .      Faith    .   (no shield)
rNeg    . . .      Spirit   .   a - +0 robe
rPois   .          Reflect  .   z - +0 helmet
rElec   .          Harm     .   (no cloak)
rCorr   .          Rampage  .   F - +0 pair of gloves
Will    .....                   (no boots)
Stlth   ++........              (no amulet)
HPRegen 0.20/turn               d - +4 ring of protection
MPRegen 0.15/turn               (no ring)

@: agile, very slightly contaminated
A: hooves 1, repulsion field 1, powered by pain 3
a: no special abilities


You were on level 6 of the Dungeon.
You visited 1 branch of the dungeon, and saw 6 of its levels.
You also visited: Sewer.

You collected 368 gold pieces.
You spent 55 gold pieces at shops.

Inventory:

Hand Weapons
 g - a +0 hand axe of electrocution (weapon)
 v - a +2 rapier of speed
 w - a +1 dire flail of draining
Armour
 a - a +0 robe (worn)
 z - a +0 helmet (worn)
 F - a +0 pair of gloves (worn)
Jewellery
 d - a +4 ring of protection (left hand)
Wands
 m - a wand of mindburst (3)
 E - a wand of charming (2)
 G - a wand of quicksilver (12)
Scrolls
 e - 2 scrolls of enchant weapon {unknown}
 f - a scroll of vulnerability {unknown}
 o - 3 scrolls of teleportation
 q - 2 scrolls of enchant armour {unknown}
 r - a scroll of poison {unknown}
 s - a scroll of blinking {unknown}
 t - a scroll of brand weapon {unknown}
 x - 5 scrolls of identify {unknown}
 y - a scroll of immolation {unknown}
 A - a scroll of amnesia {unknown}
 B - a scroll of fog {unknown}
 D - a scroll of magic mapping {unknown}
 H - a scroll of silence {unknown}
Potions
 b - a potion of magic
 c - 2 potions of brilliance {unknown}
 h - 2 potions of might {unknown}
 i - a potion of cancellation {unknown}
 j - a potion of curing
 k - a potion of berserk rage {unknown}
 l - 2 potions of attraction {unknown}
 n - a potion of invisibility {unknown}
 p - a potion of heal wounds
 u - 6 potions of flight
 C - a potion of resistance {unknown}


   Skills:
 + Level 5.6 Fighting
 * Level 0.0 Armour
 - Level 1.7 Dodging
 * Level 1.7 Stealth
 + Level 5.4 Spellcasting
 + Level 0.0 Conjurations
 - Level 0.8 Transmutations
 + Level 5.7 Earth Magic
 - Level 3.0 Evocations


You had 11 spell levels left.
You knew the following spells:

 Your Spells              Type           Power      Damage    Failure   Level
a - Sandblast             Erth           54%        2d13      1%          1
b - Passwall              Tmut/Erth      14%        N/A       4%          2
c - Stone Arrow           Conj/Erth      32%        3d9       11%         3

Your spell library contained the following spells:

 Spells                   Type           Power      Damage    Failure   Level
 Necrotise                Necr           20%        1d5       12%         1
 Petrify                  Tmut/Erth      17%        N/A       30%         4
 Gell's Gravitas          Tloc           5%         N/A       34%         3
 Lesser Beckoning         Tloc           5%         N/A       34%         3
 Teleport Other           Tloc           5%         N/A       34%         3
 Vampiric Draining        Necr           5%         2d6       34%         3
 Agony                    Necr           5%         N/A       97%         5
 Dispersal                Tloc           2%         N/A       100%        6


Dungeon Overview and Level Annotations

Branches:
Dungeon (6/15) Zot: 26974   Sewer (visited)
 Temple: D:4-7

Altars:
Hepliaklqana
Nemelex Xobeh
Trog

Shops:
D:3 *   D:5 :


Innate Abilities, Weirdness & Mutations

You have large cloven feet.
You are surrounded by a mild repulsion field. (EV +2)
You are powered by pain.


Message History

You focus on the pain.
You feel your power returning.
Casting: Stone Arrow (dangerous; 11% risk of failure)
Confirm with . or Enter, or press ? or * to list all spells.
Aiming: Sandblast (safe; 1% risk of failure)
Press: ? - help, Shift-Dir - straight line, f/p - orc warrior
Aim: an orc warrior, wielding a +0 halberd and wearing a +0 chain mail (severely wounded, 81% to hit)
The blast of sand hits the orc.
The orc is severely wounded.
The orc closely misses you. The orc warrior barely misses you.
The orc warrior hits you from afar with a +0 halberd!
You focus on the pain.
You feel your power returning. The orc closely misses you.
Casting: Sandblast (safe; 1% risk of failure)
Confirm with . or Enter, or press ? or * to list all spells.
Aiming: Sandblast (safe; 1% risk of failure)
Press: ? - help, Shift-Dir - straight line, f/p - orc warrior
Aim: an orc warrior, wielding a +0 halberd and wearing a +0 chain mail (severely wounded, 81% to hit)
The blast of sand hits the orc!
You kill the orc!
The orc warrior closely misses you.
Casting: Sandblast (safe; 1% risk of failure)
Confirm with . or Enter, or press ? or * to list all spells.
Aiming: Stone Arrow (dangerous; 11% risk of failure)
Press: ? - help, Shift-Dir - straight line, f/p - orc warrior
Aim: an orc warrior, wielding a +0 halberd and wearing a +0 chain mail (severely wounded, 64% to hit)
You miscast Stone Arrow.
Nothing appears to happen.
The orc warrior hits you from afar with a +0 halberd!
* * * LOW HITPOINT WARNING * * *
You focus on the pain.
You feel agile all of a sudden.
Unknown command.
Casting: Stone Arrow (dangerous; 11% risk of failure)
Confirm with . or Enter, or press ? or * to list all spells.
Aiming: Stone Arrow (dangerous; 11% risk of failure)
Press: ? - help, Shift-Dir - straight line, f/p - orc warrior
Aim: an orc warrior, wielding a +0 halberd and wearing a +0 chain mail (severely wounded, 64% to hit)
The stone arrow hits the orc warrior!
The orc warrior is almost dead.
The orc warrior hits you from afar with a +0 halberd!
You die...

.# .>#######
#.#....<######
#.#..........#
#.#..#######.#
#.#..# #.#..#
#....#
#@#....#
#).##### )o...
#).#### ....
8##.# . ..# .
...


You could see an orc warrior.

Vanquished Creatures
  Eustachio (D:4)
  Edmund (D:4)
  Menkaure (D:5)
  2 water moccasins (D:5)
  2 black bears (D:5)
  A phantom (D:4)
  2 scorpions (D:5)
  A howler monkey (D:5)
  A jelly (D:5)
  2 orc priests
  Ijyb (D:5)
  2 iguanas (D:5)
  7 adders
  5 river rats (Sewer)
  2 worms
  A dart slug (D:5)
  19 orcs
  14 ball pythons
  10 endoplasms
  2 giant cockroaches
  7 goblins
  3 hobgoblins
  6 jackals
  4 quokkas
  6 bats
  6 frilled lizards
  6 kobolds
  A rat (D:2)
116 creatures vanquished.

Vanquished Creatures (others)
  2 fungi (D:1)
2 creatures vanquished.

Grand Total: 118 creatures vanquished

Notes
Turn   | Place    | Note
-------+----------+-------------------------------------------
     0 | D:1      | protoss039 the Demonspawn Earth Elementalist began the
                  | quest for the Orb.
     0 | D:1      | Reached XP level 1. HP: 13/13 MP: 3/3
   461 | D:1      | Gained mutation: You are surrounded by a mild repulsion
                  | field. (EV +2) [demonic ancestry]
   461 | D:1      | Reached XP level 2. HP: 19/20 MP: 5/5
   616 | D:1      | Reached skill level 1 in Fighting
  1018 | D:1      | Found a faded altar of an unknown god.
  1137 | D:1      | Learned a level 2 spell: Passwall
  1212 | D:2      | Gained mutation: You sometimes gain a little power by
                  | taking damage. [demonic ancestry]
  1212 | D:2      | Reached XP level 3. HP: 10/26 MP: 0/6
  2188 | D:2      | Learned a level 3 spell: Stone Arrow
  2238 | D:3      | Found Juli Vav's General Store.
  2244 | D:3      | Bought a potion of heal wounds for 55 gold pieces
  2606 | D:3      | Found a sparkling altar of Nemelex Xobeh.
  2675 | D:3      | Found a glowing drain.
  2684 | Sewer    | Entered a sewer
  2693 | Sewer    | Reached XP level 4. HP: 29/33 MP: 3/8
  3184 | Sewer    | Gained mutation: You sometimes gain power by taking damage.
                  | [demonic ancestry]
  3184 | Sewer    | Reached XP level 5. HP: 26/39 MP: 3/9
  4001 | D:4      | Noticed Edmund
  4004 | D:4      | Noticed Eustachio
  4009 | D:4      | Killed Eustachio
  4010 | D:4      | Gained mutation: You are powered by pain. [demonic
                  | ancestry]
  4010 | D:4      | Reached XP level 6. HP: 47/47 MP: 7/11
  4022 | D:4      | Killed Edmund
  4178 | D:4      | Gained mutation: You have large cloven feet. [demonic
                  | ancestry]
  4178 | D:4      | Reached XP level 7. HP: 51/54 MP: 8/13
  4472 | D:4      | Found a hazy altar of Hepliaklqana.
  4795 | D:5      | Entered Level 5 of the Dungeon
  5026 | D:5      | Reached skill level 5 in Earth Magic
  5027 | D:5      | Noticed Menkaure
  5030 | D:5      | Killed Menkaure
  5127 | D:5      | Reached skill level 1 in Evocations
  5205 | D:5      | Reached skill level 5 in Fighting
  5205 | D:5      | Reached skill level 5 in Spellcasting
  5205 | D:5      | Reached XP level 8. HP: 62/62 MP: 7/15
  5314 | D:5      | Noticed Ijyb
  5328 | D:5      | Killed Ijyb
  5723 | D:5      | Found Tiqeoc's Book Shop.
  5788 | D:5      | Found a bloodstained altar of Trog.
  6327 | D:6      | Slain by an orc warrior

Illustrated notes

Levels and vault maps discovered:
D:1:      lemuel_arrival_tunnels, layout_loops_cross,
          dreamdust_ecumenical_altar_hidden_monk_grotto
D:2:      layout_loops_cross, minmay_tromino_i4
D:3:      layout_basic, mainiacjoe_overflow_catwalk, serial_shops, shop,
          portal_sewer_entry_d
D:4:      layout_cave_pools, nicolae_overflow_crystal_walls, uniq_eustachio,
          uniq_edmund
D:5:      layout_loops_ring, mainiacjoe_overflow_brackets,
          amcnicky_mini_pool_small, grunt_ministairs_3, kennysheep_small_square,
          uniq_ijyb, uniq_menkaure
D:6:      layout_basic, minmay_temple_entry_statues_pillars

Skill      XL: |  1  2  3  4  5  6  7  8 |
---------------+-------------------------+-----
Fighting       | 1 2 3 4 5 |  5.6
Earth Magic    | 3 4 5 |  5.7
Spellcasting   | 3 4 5 |  5.4
Evocations     | 1 3 |  3.0
Dodging        | |  1.7
Stealth        | |  1.7
Transmutations | |  0.8

Action                   |  1- 3 |  4- 6 |  7- 9 || total
-------------------------+-------+-------+-------++-------
Melee: Dagger            |    12 |       |       ||    12
       Hand axe          |    62 |    24 |    41 ||   127
       Punch             |     1 |       |       ||     1
       Kick              |       |       |    10 ||    10
 Cast: Sandblast         |    30 |    48 |    45 ||   123
       Stone Arrow       |       |     1 |    25 ||    26
Evoke: Wand              |       |     8 |     2 ||    10
  Use: Potion            |       |     1 |     2 ||     3
       Scroll            |       |       |     1 ||     1
 Stab: Sleeping          |     5 |       |     1 ||     6
Armor: Robe              |    31 |    24 |    33 ||    88
Dodge: Dodged            |    72 |    66 |    89 ||   227
